Map: White Rabbit LE

Players

PolarBear

  • Race: Zerg Zerg
  • League: Gold
  • Spawn Location: 1:00

evangelion - Winner!

  • Race: Protoss Protoss
  • Spawn Location: 7:00

VOD

Have the link to the VOD?

Description

Time

  • Played on: Dec. 20, 2025, 12:47 p.m.
  • Length: 11:58
Show
View Real Time Build Order
Export as new Build Order

PolarBear Zerg 

Build Orders: Hatch First 

Get SALT Encoding   

  12  0:00  Drone  
  13  0:08  Drone  
  14  0:14  Drone, Extractor  
  15  0:21  Overlord  
  15  0:39  Drone  
  16  0:46  Hatchery  
  16  0:49  Drone  
  16  0:53  Drone  
  16  0:56  Drone  
  18  1:07  Extractor  
  17  1:13  Spawning Pool  
  17  1:15  Drone  
  17  1:18  Drone  
  18  1:26  Drone  
  19  1:36  Drone  
  20  1:47  Drone  
  21  2:00  Queen x2  
  21  2:01  Zergling x4  
  27  2:15  Metabolic Boost  
  27  2:26  Hatchery  
  27  2:29  Overlord  
  26  2:33  Drone x2  
  28  2:46  Overlord  
  28  2:47  Queen  
  30  2:55  Drone x3  
  30  2:58  Drone x2  
  34  3:01  Drone  
  36  3:16  Drone x3  
  36  3:18  Drone x3  
  42  3:35  Drone x2  
  42  3:38  Queen  
  42  3:39  Overlord  
  46  3:43  Overlord  
  46  3:46  Drone  
  47  3:53  Baneling Nest  
  46  3:58  Queen  
  48  4:08  Drone x10  
  58  4:27  Overlord x3  
  58  4:33  Lair  
  58  4:39  Extractor  
  58  4:40  Queen  
  58  4:41  Extractor  
  58  4:42  Extractor  
  58  4:43  Drone x2, Extractor  
  58  4:44  Extractor  
  57  4:50  Drone  
  57  4:51  Overlord x3  
  58  4:55  Drone x3  
  58  4:57  Drone x2  
  58  4:58  Drone  
  64  5:00  Drone x3  
  64  5:02  Drone x2  
  64  5:03  Drone  
  70  5:16  Evolution Chamber  
  70  5:17  Drone, Evolution Chamber  
  69  5:31  Queen  
  69  5:32  Hatchery  
  70  5:43  Zerg Ground Armor Level 1, Zerg Melee Weapons Level 1  
  70  5:48  Drone x5, Hydralisk Den  
  74  5:54  Drone x12  
  86  6:09  Zergling x12  
  92  6:23  Zergling x20  
  102  6:42  Zergling x8  
  102  6:45  Overlord x4  
  102  6:46  Overlord  
  106  6:59  Baneling x6  
  106  7:00  Baneling x34  
  106  7:04  Muscular Augments  
  106  7:06  Hydralisk x6  
  106  7:07  Hydralisk  
  120  7:24  Hydralisk x6  
  120  7:27  Zergling x14  
  120  7:28  Zergling x2  
  140  7:49  Hydralisk x6  
  151  7:52  Overlord x6  
  151  7:59  Zerg Missile Weapons Level 1  
  151  8:00  Zerg Melee Weapons Level 2  
  151  8:08  Grooved Spines, Hatchery  
  150  8:14  Hatchery  
  150  8:17  Zergling x16  
  157  8:36  Centrifugal Hooks  
  157  8:37  Zergling x22  
  157  8:38  Zergling x8  
  148  9:06  Zergling x4  
  148  9:07  Zergling x24  
  153  9:16  Hatchery  
  152  9:25  Zergling x2  
  152  9:26  Zergling x24  
  165  9:34  Infestation Pit  
  161  9:51  Hydralisk x15  
  191  10:20  Zergling x16  
  155  10:57  Hydralisk x25  
  85  11:02  Zergling x10  
  101  11:40  Zergling x26  
  101  11:41  Zergling x26  
Show
View Real Time Build Order
Export as new Build Order

evangelion Protoss - Winner!

Build Orders: 1 Gate Expand, Chargelot Immortal, Colossus Rush 

Get SALT Encoding   

  12  0:02  Probe  
  13  0:14  Probe  
  14  0:23  Pylon  
  14  0:26  Probe  
  15  0:41  Probe  
  16  0:43  Gateway  
  16  0:52  Assimilator  
  16  0:53  Probe  
  17  1:05  Probe  
  18  1:17  Probe  
  19  1:30  Probe  
  20  1:36  Cybernetics Core  
  20  1:39  Nexus  
  20  1:42  Probe  
  21  1:52  Assimilator  
  21  1:55  Warp Gate  
  21  1:58  Pylon  
  21  2:05  Stalker  
  21  2:08  Probe  
  22  2:20  Probe  
  25  2:33  Robotics Facility  
  25  2:34  Probe, Stalker  
  28  2:49  Gateway  
  28  2:52  Probe  
  28  2:53  Probe  
  28  2:54  Stalker  
  32  3:07  Probe x2  
  34  3:19  Probe  
  35  3:21  Observer  
  35  3:26  Probe  
  37  3:31  Probe  
  38  3:35  Assimilator  
  38  3:38  Probe  
  38  3:40  Assimilator  
  39  3:42  Immortal  
  39  3:43  Probe  
  44  3:51  Probe  
  44  3:52  Robotics Facility  
  45  4:05  Probe  
  46  4:12  Pylon  
  46  4:14  Pylon  
  46  4:27  Robotics Bay  
  46  4:30  Probe x2  
  48  4:39  Immortal  
  48  4:40  Probe x2  
  48  4:43  Zealot  
  48  4:44  Zealot  
  58  4:51  Immortal  
  62  4:58  Pylon  
  62  5:02  Pylon  
  62  5:08  Pylon  
  62  5:12  Probe x2  
  62  5:19  Immortal  
  62  5:20  Zealot  
  70  5:23  Probe  
  70  5:24  Probe  
  72  5:32  Forge  
  72  5:35  Probe  
  73  5:36  Twilight Council, Probe  
  74  5:47  Extended Thermal Lance  
  76  5:52  Colossus  
  80  6:06  Protoss Ground Weapons Level 1  
  80  6:08  Charge  
  80  6:11  Stalker  
  80  6:12  Stalker  
  84  6:39  Pylon  
  84  6:43  Pylon, Gateway  
  84  6:44  Gateway  
  84  6:48  Gateway x2  
  84  6:50  Gateway  
  84  6:56  Colossus  
  84  7:00  Colossus  
  96  7:05  Pylon  
  96  7:06  Pylon  
  96  7:08  Pylon x2  
  96  7:18  Zealot  
  96  7:19  Zealot  
  100  7:44  Colossus  
  100  7:50  Colossus  
  112  8:01  Zealot x4  
  112  8:02  Zealot x2  
  112  8:03  Protoss Ground Armor Level 1  
  124  8:09  Zealot  
  126  8:40  Zealot x4  
  134  8:51  Pylon  
  134  8:52  Pylon x2  
  134  8:53  Pylon  
  134  8:55  Colossus  
  134  8:56  Pylon  
  114  9:21  Colossus  
  120  9:24  Zealot x2  
  120  9:25  Zealot x4  
  132  9:47  Zealot  
  132  9:48  Zealot x5  
  132  9:49  Colossus  
  150  10:19  Probe x2  
  152  10:21  Zealot x2  
  152  10:22  Zealot x3  
  152  10:24  Templar Archives  
  162  10:44  Zealot x3  
  162  10:45  Zealot x2  
  140  11:03  Pylon  
  140  11:05  Pylon  
  140  11:06  Pylon, Zealot x2  
  140  11:10  Zealot  
  146  11:11  Pylon  
  124  11:33  Nexus, Zealot  
Tags
 
Add a new tag
Caveats
  • Supply blocks, unpowered buildings, or Contaminate may cause inaccurate times.
  • Supply counts are checked every 10 seconds.